 Dungeon Crawl Stone Soup version 0.24.0-123-gd5b16e6ec5 (webtiles) character file.

Game seed: 7262015488016470369, levelgen mode: deterministic

337 Locuples the Chopper (level 6, -8/53 HPs)
             Began as a Minotaur Fighter on Jan 23, 2020.
             Killed by divine providence
             ... invoked by an orc priest
              (9 damage)
             ... on level 4 of the Dungeon.
             The game lasted 00:16:38 (3378 turns).

Locuples the Chopper (Minotaur Fighter)             Turns: 3378, Time: 00:16:38

Health: -8/53      AC:  7    Str: 22    XL:     6   Next: 28%
Magic:  5/5        EV:  8    Int:  5    God:
Gold:   137        SH: 10    Dex: 10    Spells: 5/5 levels left

rFire    . . .     SeeInvis .   a - +0 war axe
rCold    + . .     Gourm    .   c - +0 shield
rNeg     . . .     Faith    .   b - +0 scale mail
rPois    .         Spirit   .   (helmet restricted)
rElec    .         Reflect  .   u - scarf {cloud immunity}
rCorr    .         Harm     .   (no gloves)
MR       .....                  (no boots)
Stlth    ..........             g - amulet of rage
HPRegen  0.17/turn              l - ring of protection from fire
MPRegen  0.09/turn              v - ring of ice

@: no status effects
A: retaliatory headbutt, horns 2
a: Evoke Berserk Rage


You were on level 4 of the Dungeon.
You were very hungry.

You visited 1 branch of the dungeon, and saw 4 of its levels.

You collected 137 gold pieces.

Inventory:

Hand Weapons
 a - a +0 war axe (weapon)
Armour
 b - a +0 scale mail (worn)
 c - a +0 shield (worn)
 u - a scarf of cloud immunity (worn)
Jewellery
 g - an amulet of rage (around neck)
 l - a ring of protection from fire (left hand)
 m - a +6 ring of evasion
 v - a ring of ice (right hand)
Scrolls
 e - 4 scrolls of teleportation {unknown}
 i - a scroll of enchant armour {unknown}
 k - a scroll of fog {unknown}
 o - a scroll of identify {unknown}
 p - 2 scrolls of blinking {unknown}
 t - a scroll of magic mapping {unknown}
Potions
 d - a potion of magic
 h - 3 potions of mutation {unknown}
 j - 3 potions of resistance {unknown}
 n - 2 potions of lignification {unknown}
 q - a potion of agility {unknown}
 r - 2 potions of heal wounds {unknown}
 s - 2 potions of curing {unknown}
Comestibles
 f - 5 rations


   Skills:
 + Level 4.3 Fighting
 * Level 6.0 Axes
 + Level 4.6 Armour
 - Level 0.4 Dodging
 + Level 5.1 Shields


You had 5 spell levels left.
You didn't know any spells.
Your spell library contained the following spells:

 Spells                   Type           Power        Failure   Level  Hunger
 Freeze                   Ice            #...         99%         1    ##.....
 Throw Frost              Conj/Ice       #.....       100%        2    ###....
 Ozocubu's Armour         Chrm/Ice       #.......     100%        3    ####...
 Summon Ice Beast         Ice/Summ       #.......     100%        4    #####..
 Throw Icicle             Conj/Ice       #.......     100%        4    #####..


Dungeon Overview and Level Annotations

Branches:
Dungeon (4/15)
 Temple: D:4-7

Altars:
Ashenzari

Annotations:
D:4 1 runed translucent door, diiiiiane's ghost, amateur OpAs


Innate Abilities, Weirdness & Mutations

You reflexively headbutt those who attack you in melee.
You have a pair of horns on your head.


Message History

An orc comes into view.
An orc priest comes into view. It is wielding a +0 dagger.
The orc wizard points at you and mumbles some strange words.
The puff of frost hits you. You resist.
* * * LOW HITPOINT WARNING * * *
It was a potion of magic.
Magic courses through your body.
An orc priest comes into view. It is wielding a +0 dagger.
Your shield and scale mail prevent you from hitting the orc wizard.
An orc comes into view. It is wielding a +0 club.
The orc wizard barely misses you.
The orc shouts!
You slash the orc wizard!
You kill the orc wizard!
Your Axes skill increases to level 6!
The orc priest calls down the wrath of Beogh upon you.
Pain shoots through your body!
* * * LOW HITPOINT WARNING * * *
The orc priest mumbles some strange prayers to Beogh against you.
Beogh smites you!
You die...

.... #.#######......
..... #.............[
..... #..............
.....######..........####
.................>...#
#..................#
###..................####
...o.................(...
....oo.)@...............[
..o......................
............#####.#(.....
............#####........
###......................
#########..............
..............####
#######..#....# #
$≈≈WS+..# #### #


You could see 2 orc priests and 2 orcs.

Vanquished Creatures
  A scorpion (D:4)
  A centaur skeleton (D:4)
  An orc wizard (D:4)
  2 worker ants (D:4)
  A gnoll (D:1)
  7 adders
  An ooze (D:3)
  2 worms (D:2)
  2 dart slugs (D:1)
  A leopard gecko (D:1)
  A ball python (D:1)
  6 giant cockroaches
  17 goblins
  11 hobgoblins
  4 jackals (D:1)
  A quokka (D:2)
  15 bats
  4 frilled lizards
  11 kobolds
  A leopard gecko skeleton (D:4)
  8 rats
98 creatures vanquished.

Notes
Turn   | Place    | Note
-------+----------+-------------------------------------------
     0 | D:1      | Locuples the Minotaur Fighter began the quest for the Orb.
     0 | D:1      | Reached XP level 1. HP: 19/19 MP: 0/0
    85 | D:1      | Reached XP level 2. HP: 27/27 MP: 1/1
   569 | D:1      | Reached XP level 3. HP: 33/33 MP: 2/2
   599 | D:1      | Reached skill level 3 in Axes
  1218 | D:2      | Reached XP level 4. HP: 40/40 MP: 3/3
  1397 | D:2      | Reached skill level 4 in Axes
  2299 | D:3      | Reached XP level 5. HP: 46/46 MP: 4/4
  2598 | D:3      | Found a shattered altar of Ashenzari.
  3013 | D:4      | Reached skill level 5 in Axes
  3255 | D:4      | Reached skill level 5 in Shields
  3255 | D:4      | Reached XP level 6. HP: 43/52 MP: 5/5
  3299 | D:4      | Found a runed translucent door.
  3320 | D:4      | Noticed diiiiiane's ghost (amateur OpAs)
  3378 | D:4      | Reached skill level 6 in Axes
  3378 | D:4      | HP: 1/53 [orc priest/nerve-wracking pain (12)]
  3378 | D:4      | Killed from afar by an orc priest

Levels and vault maps discovered:
D:1:      eino_arrival_water_cross, layout_basic, kennysheep_another_room,
          hex_tiny, minmay_misc_feat_cross, minmay_door_square, minmay_tall_x
D:2:      cheibrodos_old_hovel, layout_basic, minmay_misc_feat_rows
D:3:      cheibrodos_helix_gallery, layout_loops_corners,
          nicolae_overflow_crystal_walls, first_ration, grunt_decor_cap
D:4:      layout_basic, kennysheep_mini, minmay_temple_entry_waves,
          ebering_ghost_sewer_d, kennysheep_slug_shrine, uniq_grinder,
          uniq_edmund

Skill      XL: |  1  2  3  4  5  6 |
---------------+-------------------+-----
Fighting       | 4 |  4.3
Shields        | 4 5 |  5.1
Armour         | 4 |  4.6
Axes           | 3 4 5 6 |  6.0
Dodging        | |  0.4

Action                   |  1- 3 |  4- 6 || total
-------------------------+-------+-------++-------
Melee: War axe           |   100 |   129 ||   229
       Headbutt          |    11 |    19 ||    30
  Use: Potion            |     1 |     1 ||     2
  Eat: Chunk             |     1 |     6 ||     7
Armor: Scale mail        |    46 |    42 ||    88
Dodge: Dodged            |    47 |    81 ||   128
Block: Shield            |    73 |    85 ||   158
